 Dungeon Crawl Stone Soup version 0.21.1-1-g345015f (webtiles) character file.

2986 prawnwizard the Martial Artist (level 9, -7/53 HPs)
             Began as an Octopode Transmuter on July 22, 2018.
             Was a Priest of Okawaru.
             Mangled by a two-headed ogre
             ... wielding a +0 giant club
              (19 damage)
             ... on level 8 of the Dungeon.
             The game lasted 00:18:35 (9722 turns).

prawnwizard the Martial Artist (OpTm)               Turns: 9722, Time: 00:18:35

Health: -7/53      AC:  1    Str:  9    XL:     9   Next: 83%
Magic:  4/17       EV: 19    Int: 16    God:    Okawaru [***...]
Gold:   435        SH:  0    Dex: 17    Spells: 4/19 levels left

rFire    . . .     SeeInvis .     - Unarmed
rCold    + . .     Gourm    .   (no shield)
rNeg     . . .     Faith    +   (helmet restricted)
rPois    .         Spirit   .   E - amulet of faith
rElec    .         Reflect  .   p - ring of flight
rCorr    .         Harm     .   t - ring of protection from cold
MR       .....                  (no ring)
Stlth    +++.......             (no ring)
HPRegen  0.17/turn              (no ring)
MPRegen  0.15/turn              (no ring)
                                (no ring)
                                (no ring)

@: appendage, drained
A: almost no armour, stealthy swim, amphibious, 8 rings, constrict 8, tentacle
spike 3, repulsion field 1, camouflage 1, agile 1, blurry vision 1, gelatinous
body 1
a: End Transformation, Heroism, Renounce Religion, Evoke Flight


You were on level 8 of the Dungeon.
You worshipped Okawaru.
Okawaru was most pleased with you.
You were hungry.
One of your tentacles had a temporary spike.
You visited 2 branches of the dungeon, and saw 9 of its levels.
You also visited: Sewer and Ossuary.

You collected 435 gold pieces.

Inventory:

Missiles
 a - 49 arrows
Jewellery
 p - a ring of flight (left tentacle)
 t - a ring of protection from cold (right tentacle)
 E - an amulet of faith (around mantle)
Wands
 A - a wand of polymorph (15)
 D - a wand of digging (7)
Scrolls
 e - 3 scrolls of blinking
 f - 3 scrolls of fear
 h - a scroll of amnesia
 i - 4 scrolls of remove curse
 k - 10 scrolls of identify
 l - a scroll of enchant armour {unknown}
 n - 3 scrolls of immolation
 o - a scroll of fog
 y - a scroll of holy word {unknown}
 B - a scroll of enchant weapon {unknown}
 C - a scroll of acquirement {unknown}
Potions
 d - 2 potions of haste
 g - 4 potions of mutation
 j - 2 potions of resistance {unknown}
 m - 9 potions of curing
 q - 2 potions of lignification {unknown}
 r - 3 potions of degeneration {unknown}
 s - a potion of invisibility {unknown}
 u - 2 potions of flight {unknown}
 v - a potion of cancellation {unknown}
 w - 5 potions of heal wounds {unknown}
 x - a potion of might {unknown}
 z - 2 potions of berserk rage {unknown}
Books
 b - a book of Changes

   Spells                             Type                      Level
   a - Beastly Appendage              Transmutation                1
   b - Sticks to Snakes               Transmutation                2
   c - Spider Form                    Transmutation/Poison         3
   d - Ice Form                       Ice/Transmutation            4
   e - Blade Hands                    Transmutation                5
Comestibles
 c - 18 rations
 F - a chunk of flesh


   Skills:
 - Level 1.0(0.8) Fighting
 + Level 6.1(5.9) Dodging
 * Level 9.0(8.8) Unarmed Combat
 + Level 5.8(5.6) Spellcasting
 + Level 6.2(6.0) Transmutations


You had 4 spell levels left.
You knew the following spells:

 Your Spells              Type           Power        Failure   Level  Hunger
a - Beastly Appendage     Tmut           ###...       1%          1    None
b - Sticks to Snakes      Tmut           ###.....     1%          2    #......
c - Spider Form           Tmut/Pois      ##........   12%         3    ###....
d - Ice Form              Ice/Tmut       ##......     38%         4    ####...
e - Blade Hands           Tmut           ###.......   32%         5    ######.


Dungeon Overview and Level Annotations

Branches:
Dungeon (8/15)             Temple (1/1) D:5
   Lair: D:8-11

Altars:
Ashenzari
Cheibriados
Dithmenos
Elyvilon
Fedhas
Gozag
Hepliaklqana
Kikubaaqudgha
Makhleb
Nemelex Xobeh
Okawaru
Ru
Sif Muna
Trog
Uskayaw
Vehumet
Wu Jian
Xom
Yredelemnul
Zin
The Shining One

Shops:
D:7 [


Innate Abilities, Weirdness & Mutations

You cannot wear most types of armour.
You are very stealthy in the water. (Stealth+)
You are amphibious.
You can wear up to eight rings at the same time.
You can use your tentacles to constrict eight enemies at once.
Your skin changes colour to match your surroundings (Stealth+).
Your rubbery body absorbs attacks. (AC +1, EV +1)
One of your tentacles bears a large vicious spike.
You are surrounded by a mild repulsion field. (EV +2)
You are agile. (Dex +2)
Scrolls take you a little longer to read.


Message History

Your ball python bites the two-headed ogre but does no damage.
The centaur zombie hits you.
* * * LOW HITPOINT WARNING * * *
You bludgeon the centaur zombie!
You destroy the centaur zombie!
Okawaru accepts your kill.
Okawaru will gift you ammunition as your piety grows.
Your ball python bites the two-headed ogre but does no damage.
Your ball python barely misses the two-headed ogre.
You see here a potion of curing.
Your ball python closely misses the two-headed ogre.
An ice beast and an orc come into view.
The orc shouts!
Found a ration.
The ice beast misses you. The orc closely misses you.
The orc closely misses you. The orc misses you.
Your ball python bites the two-headed ogre but does no damage.
The two-headed ogre hits you with a giant club!!
You die...

#.# #### #.# ..#
#.### ### . #.#
#.... ... ..
##@###..# #.# #.
##.OS#...# #.# #.
#Yo......# #.# #.
#........# #.# #.
#..%..##.#####.####.
##...###....OS......
##### #........#.#.
####.........
####.####.


You could see a two-headed ogre, an ice beast, an orc and a friendly ball
python.

Vanquished Creatures
  A spriggan (D:7)
  The ghost of prawnwizard the Insei, an amateur OpTm (D:3)
  2 ice beasts
  Purgy (Sewer)
  A sky beast (D:5)
  A phantom (D:6)
  An ogre (D:4)
  4 bullfrogs
  2 scorpions
  9 wights
  3 howler monkeys
  2 bullfrog zombies (Ossuary)
  5 orc priests
  A centaur zombie (D:8)
  A centaur skeleton (D:4)
  4 hounds
  A bullfrog skeleton (D:4)
  An iguana (D:5)
  6 orc wizards
  4 worker ants
  2 killer bee zombies
  3 hound zombies (Ossuary)
  A hound skeleton (D:7)
  15 mummies
  3 worker ant zombies (Ossuary)
  A howler monkey zombie (Ossuary)
  A river rat (D:4)
  5 adders
  A shadow imp (D:5)
  An adder skeleton (D:5)
  5 adder zombies
  2 worms (D:3)
  15 orcs
  10 giant cockroaches
  6 goblins
  4 hobgoblins
  4 jackals (D:4)
  7 kobolds
  A quokka (D:4)
  3 ball pythons
  4 bats
  5 frilled lizards
  A giant cockroach zombie (Ossuary)
  A jackal zombie (Ossuary)
  A kobold zombie (D:6)
  A leopard gecko skeleton (D:5)
  An orc zombie (D:6)
  A quokka skeleton (D:5)
  2 quokka zombies
  11 rats
  A withered plant (Ossuary)
170 creatures vanquished.

Vanquished Creatures (collateral kills)
  An ogre (D:5)
1 creature vanquished.

Vanquished Creatures (others)
  A withered plant (Ossuary)
1 creature vanquished.

Grand Total: 172 creatures vanquished

Notes
Turn   | Place    | Note
-------+----------+-------------------------------------------
     0 | D:1      | prawnwizard the Octopode Transmuter began the quest for the Orb.
     0 | D:1      | Reached XP level 1. HP: 13/13 MP: 3/3
   129 | D:1      | Reached XP level 2. HP: 14/18 MP: 5/5
   970 | D:1      | Gained mutation: You are surrounded by a mild repulsion field. (EV +2) [potion of mutation]
   970 | D:1      | Gained mutation: Scrolls take you a little longer to read. [potion of mutation]
   970 | D:1      | Gained mutation: You are agile. (Dex +2) [potion of mutation]
  1113 | D:2      | Reached XP level 3. HP: 23/23 MP: 4/6
  1294 | D:2      | Found a sparkling altar of Nemelex Xobeh.
  1948 | D:3      | Reached XP level 4. HP: 16/28 MP: 7/7
  2131 | D:3      | Noticed prawnwizard's ghost (amateur OpTm)
  2149 | D:3      | Learned a level 2 spell: Sticks to Snakes
  2153 | D:3      | Learned a level 3 spell: Spider Form
  2229 | D:3      | Found a burning altar of Makhleb.
  2406 | D:3      | Killed prawnwizard's ghost
  2406 | D:3      | Reached skill level 4 in Unarmed Combat
  2406 | D:3      | Reached XP level 5. HP: 11/33 MP: 5/9
  2868 | D:4      | Reached XP level 6. HP: 33/38 MP: 7/10
  2998 | D:4      | Reached skill level 5 in Unarmed Combat
  3127 | D:4      | Found a glowing drain.
  3382 | Sewer    | Entered a sewer
  3437 | Sewer    | Noticed Purgy
  3452 | Sewer    | Killed Purgy
  3452 | Sewer    | Reached XP level 7. HP: 5/43 MP: 6/12
  4698 | D:4      | Learned a level 4 spell: Ice Form
  4722 | D:5      | Entered Level 5 of the Dungeon
  5067 | D:5      | Reached skill level 6 in Unarmed Combat
  5312 | D:5      | Reached XP level 8. HP: 34/48 MP: 10/14
  5388 | D:5      | Found a staircase to the Ecumenical Temple.
  5398 | Temple   | Entered the Ecumenical Temple
  5407 | Temple   | Became a worshipper of Warmaster Okawaru
  6199 | D:6      | Found a sand-covered staircase.
  6207 | Ossuary  | Entered an ossuary
  6445 | Ossuary  | Reached skill level 7 in Unarmed Combat
  6794 | Ossuary  | Reached skill level 5 in Transmutations
  6863 | Ossuary  | Reached * piety under Okawaru
  6863 | Ossuary  | Reached skill level 5 in Dodging
  7195 | D:6      | Reached XP level 9. HP: 49/53 MP: 16/16
  7223 | D:6      | Reached skill level 5 in Spellcasting
  7338 | D:6      | Learned a level 5 spell: Blade Hands
  7384 | D:6      | Found an ornate altar of the Wu Jian Council.
  7423 | D:6      | Reached skill level 8 in Unarmed Combat
  7699 | D:6      | Reached ** piety under Okawaru
  8047 | D:7      | Found a blossoming altar of Fedhas.
  8048 | D:7      | Found an ancient bone altar of Kikubaaqudgha.
  8522 | D:6      | HP: 1/53 [wight/mace (6)]
  9290 | D:7      | Reached skill level 9 in Unarmed Combat
  9375 | D:7      | Reached *** piety under Okawaru
  9480 | D:7      | Found a shadowy altar of Dithmenos.
  9501 | D:7      | Found Jinurrai's Armour Emporium.
  9553 | D:8      | Found an ornate altar of the Wu Jian Council.
  9573 | D:8      | Found a shimmering altar of Xom.
  9573 | D:8      | Noticed a two-headed ogre
  9614 | D:8      | Found a radiant altar of Vehumet.
  9722 | D:8      | Mangled by a two-headed ogre

Skill      XL: |  1  2  3  4  5  6  7  8  9 |
---------------+----------------------------+-----
Dodging        | 3 4 5 6 |  6.1
Unarmed Combat | 4 5 6 7 9 |  9.0
Transmutations | 3 4 5 6 |  6.2
Spellcasting   | 3 4 5 |  5.8
Fighting       | |  1.0

Action                   |  1- 3 |  4- 6 |  7- 9 || total
-------------------------+-------+-------+-------++-------
Melee: Unarmed           |    88 |    83 |   458 ||   629
       Constrict         |    22 |    11 |    72 ||   105
       Tentacles         |     8 |    14 |    66 ||    88
       Punch             |     2 |     2 |    26 ||    30
       Kick              |     3 |       |    39 ||    42
 Cast: Beastly Appendage |     2 |       |    16 ||    18
       Spider Form       |       |     4 |    12 ||    16
       Sticks to Snakes  |       |       |    17 ||    17
  Use: Potion            |     2 |       |       ||     2
       Scroll            |       |       |    12 ||    12
 Stab: Sleeping          |    11 |     7 |     6 ||    24
       Distracted        |     1 |       |     3 ||     4
  Eat: Chunk             |     3 |     5 |    11 ||    19
       Ration            |       |       |     3 ||     3
Armor: Skin              |     5 |     3 |    11 ||    19
Dodge: Dodged            |    42 |    55 |   305 ||   402
